 Dungeon Crawl Stone Soup version 0.31.0-9-g3a7656b989 (webtiles) character file.

Game seed: 17427233756278923744

88 qw the Shooter (level 4, -3/25 HPs)
             Began as a Deep Elf Hunter on Feb 2, 2024.
             Slain by a gnoll
             ... wielding a +0 whip
              (7 damage)
             ... on level 3 of the Dungeon.
             The game lasted 00:00:08 (2068 turns).

qw the Shooter (Deep Elf Hunter)                    Turns: 2068, Time: 00:00:08

Health: -3/25      AC:  7    Str: 10    XL:     4   Next: 30%
Magic:  6/6        EV: 11    Int: 14    God:
Gold:   142        SH:  5    Dex: 18    Spells: 3/3 levels left

rFire   . . .        a - +1 shortbow (flame)
rCold   . . .        (shield currently unavailable)
rNeg    . . .        g - +0 ring mail
rPois   .            f - +1 helmet
rElec   .            (no cloak)
rCorr   .            (no gloves)
SInv    .            (no boots)
Will    .....        e - amulet of reflection
Stlth   +            (no ring)
HPRegen 0.24/turn    (no ring)
MPRegen 0.10/turn

%: reflection
@: about to teleport
A: no striking features
a: no special abilities


You were on level 3 of the Dungeon.
You visited 1 branch of the dungeon, and saw 4 of its levels.

You collected 142 gold pieces.


   Skills:
 - Level 1.5 Fighting
 + Level 7.7 Ranged Weapons
 - Level 2.4 Dodging
 - Level 1.2 Stealth


You had 3 spell levels left.
You didn't know any spells.
Your spell library was empty.

Inventory:

Hand Weapons
 a - a +1 shortbow of flaming (weapon)
Armour
 f - a +1 helmet (worn)
 g - a +0 ring mail (worn)
Jewellery
 e - an amulet of reflection (around neck)
Scrolls
 b - a scroll of teleportation
 d - a scroll of identify

Dungeon Overview and Level Annotations

Branches:
Dungeon (4/15)
 Temple: D:4-7

Altars:
Cheibriados


Message History

The gnoll is almost dead.
The gnoll closely misses you.
You shoot an arrow. The arrow hits the gnoll!
The arrow burns the gnoll.
You kill the gnoll!
You start resting.
HP restored.
You climb downwards.
The gnoll closely misses you. The gnoll hits you with a +0 whip.
There is a stone staircase leading up here.
2058 ||| STAIRDANCE The gnoll hits you with a +0 whip. x2
You climb upwards.
There is a stone staircase leading down here.
You shoot an arrow. The arrow hits the gnoll.
The arrow burns the gnoll.
The gnoll is heavily wounded.
The gnoll closely misses you. You block the gnoll's attack.
You shoot an arrow. The arrow barely misses the gnoll.
The gnoll hits you with a +0 whip. The gnoll barely misses you.
The gnoll hits you but does no damage. You block the gnoll's attack.
You shoot an arrow. The arrow barely misses the gnoll.
The gnoll hits you but does no damage. x2
You shoot an arrow. The arrow closely misses the gnoll.
The gnoll hits you with a +0 whip. The gnoll closely misses you.
You shoot an arrow. The arrow hits the gnoll.
The arrow burns the gnoll.
The gnoll is severely wounded.
The gnoll hits you but does no damage. The gnoll barely misses you.
You shoot an arrow. The arrow hits the gnoll.
The arrow burns the gnoll.
The gnoll is severely wounded.
The gnoll closely misses you. x3; The gnoll hits you with a +0 whip.
2066 ||| READING 2 scrolls of teleportation.
As you read the scroll of teleportation, it crumbles to dust.
You feel strangely unstable. The gnoll barely misses you.
The gnoll hits you but does no damage.
You shoot an arrow. The arrow hits the gnoll!
The arrow burns the gnoll.
You kill the gnoll!
The gnoll hits you but does no damage.
You shoot an arrow.
The arrow hits the gnoll but does no damage.
The gnoll hits you with a +0 whip!
You die...

.........## #.# #.##.# #.#
###.#...## #.#####.##.# #.#
#.##.#######.#...#.##.# #.#
#.##..................# #.#
#.....>......#.#.#.#### #.##
####.#########.#.#.# #... ###.#
#.#.#.# ##.## ####...#
#g[...########...# .......#
#@)#.............#
####...#########.....########...#
##...............[..........##
######################.######
#....... ########


You could see a gnoll.

Vanquished Creatures
  2 gnolls (D:3)
  3 dart slugs
  2 ribbon worms
  An orc (D:3)
  7 ball pythons
  3 bats
  6 endoplasms
  2 giant cockroaches (D:1)
  4 goblins
  8 hobgoblins
  4 jackals (D:1)
  3 quokkas (D:2)
  3 frilled lizards
  A kobold (D:3)
  3 rats
52 creatures vanquished.

Notes
Turn   | Place    | Note
-------+----------+-------------------------------------------
     0 | D:1      | qw the Deep Elf Hunter began the quest for the Orb.
     0 | D:1      | Reached XP level 1. HP: 12/12 MP: 3/3
     0 | D:1      | 0 ||| qw: Version: 0.3-a-155-g5e7d8dd
     0 | D:1      | 0 ||| qw: Game counter: 2543
     0 | D:1      | 0 ||| qw: Melee chars always use a shield: true
     0 | D:1      | 0 ||| qw: God list: Okawaru
     0 | D:1      | 0 ||| qw: Allow faded altars: false
     0 | D:1      | 0 ||| qw: Do Orc after clearing Dungeon:15 true
     0 | D:1      | 0 ||| qw: Do second Lair branch before Depths: true
     0 | D:1      | 0 ||| qw: Lair rune preference: random
     0 | D:1      | 0 ||| qw: Goals: Normal
     0 | D:1      | 0 ||| PLANNING D:1-11
   147 | D:1      | Reached XP level 2. HP: 15/16 MP: 4/4
   161 | D:1      | Reached skill level 6 in Ranged Weapons
   327 | D:1      | HP: 2/16 [dart slug/slug dart (6)]
   442 | D:1      | Reached XP level 3. HP: 20/20 MP: 5/5
   635 | D:1      | 635 ||| UPGRADING to +0 helmet.
   640 | D:1      | 640 ||| UPGRADING to +0 ring mail.
   650 | D:1      | 650 ||| DROPPING +0 leather armour.
   651 | D:1      | 651 ||| READING scroll labelled ZESSOURGH EHOS.
   652 | D:1      | 652 ||| READING scroll labelled WEUFAJ IL LUO.
   652 | D:1      | 652 ||| ENCHANTING +0 helmet.
   653 | D:1      | 653 ||| READING scroll labelled WAMNUU QARI.
   653 | D:1      | 653 ||| ENCHANTING +0 shortbow.
   654 | D:1      | 654 ||| DROPPING scroll of butterflies.
   946 | D:2      | Reached skill level 7 in Ranged Weapons
  1201 | D:2      | Identified the staff "Ublom" {rElec rPois Dex+2 Air}
  1274 | D:2      | 1274 ||| READING 2 scrolls labelled DYQIOMUOWE.
  1564 | D:3      | 1564 ||| FLEEEEING.
  1565 | D:3      | 1565 ||| FLEEEEING.
  1566 | D:3      | 1566 ||| STAIRDANCE
  1574 | D:2      | 1574 ||| DROPPING +1 hat.
  1575 | D:2      | 1575 ||| READING scroll labelled YPREMOEHECS.
  1575 | D:2      | 1575 ||| BRANDING +1 shortbow.
  1578 | D:3      | 1578 ||| STAIRDANCE
  1794 | D:3      | Reached XP level 4. HP: 25/25 MP: 6/6
  1883 | D:3      | Found a snail-covered altar of Cheibriados.
  2012 | D:3      | 2012 ||| UPGRADING to amulet of reflection.
  2017 | D:3      | 2017 ||| READING 2 scrolls labelled LAT OLONITHU.
  2017 | D:3      | 2017 ||| IDENTIFYING pink potion
  2018 | D:3      | 2018 ||| DROPPING potion of attraction.
  2042 | D:4      | 2042 ||| STAIRDANCE
  2058 | D:4      | 2058 ||| STAIRDANCE
  2065 | D:3      | HP: 4/25 [gnoll/+0 whip (4)]
  2066 | D:3      | 2066 ||| READING 2 scrolls of teleportation.
  2068 | D:3      | Slain by a gnoll

Levels and vault maps discovered:
D:1:      giann_forest_graveyard, layout_basic
D:2:      layout_loops_cross
D:3:      layout_loops_ring, nicolae_overflow_hidden_temple, grunt_ministairs_9,
          chequers_serial_rivers_micro_e
D:4:      layout_loops_ring, serial_shops, shop, uniq_eustachio, uniq_grinder

Skill      XL: |  1  2  3 |
---------------+----------+-----
Ranged Weapons | 6 7 |  7.7
Fighting       | |  1.5
Dodging        | |  2.4
Stealth        | |  1.2

Action                     |  1- 3 |  4- 6 || total
---------------------------+-------+-------++-------
   Fire: Shortbow          |   125 |    13 ||   138
    Use: Scroll            |     5 |     2 ||     7
 Armour: Leather armour    |    14 |       ||    14
         Ring mail         |    11 |    14 ||    25
  Dodge: Dodged            |    37 |    12 ||    49
  Block: Other             |       |     2 ||     2

Table legend:
 A = Non-vault XP
 B = Vault XP
 C = Vault XP percentage of total XP
 D = Non-vault monster count
 E = Vault monster count
 F = Vault count percentage of total count
                 A         B        C        D         E       F
            +---------+---------+-------+---------+---------+-------
      Total |     123 |       4 |   3.1 |      50 |       2 |   3.8
            +---------+---------+-------+---------+---------+-------
        D:1 |      45 |       0 |   0.0 |      25 |       0 |   0.0
        D:2 |      26 |       2 |   7.1 |      12 |       1 |   7.7
        D:3 |      52 |       2 |   3.7 |      13 |       1 |   7.1
            +---------+---------+-------+---------+---------+-------
